 Dungeon Crawl Stone Soup version 0.24-a0-417-g1cce26a4d2 (webtiles) character file.

Game seed: 15816955883770662841

489 emperorscorpion the Cudgeler (level 6, -2/73 HPs)
             Began as a Demonspawn Berserker on June 10, 2019.
             Was a Believer of Trog.
             Slain by Joseph
             ... wielding a +0 quarterstaff
              (10 damage)
             ... on level 8 of the Dungeon.
             The game lasted 00:05:30 (901 turns).

emperorscorpion the Cudgeler (Demonspawn Berserker)  Turns: 901, Time: 00:05:30

Health: -2/73      AC: 11    Str: 24    XL:     6   Next: 90%
Magic:  6/6        EV:  9    Int:  8    God:    Trog [**....]
Gold:   93         SH:  0    Dex: 13    Spells: 5/5 levels left

rFire    . . .     SeeInvis .   b - +2 flail (crush)
rCold    . . .     Gourm    .   (no shield)
rNeg     . . .     Faith    .   i - +0 chain mail
rPois    .         Spirit   .   (no helmet)
rElec    .         Reflect  .   (no cloak)
rCorr    .         Harm     .   f - +0 pair of gloves
MR       .....                  (no boots)
Stlth    ..........             (no amulet)
HPRegen  0.22/turn              (no ring)
MPRegen  0.10/turn              (no ring)

@: berserking, very quick
A: hooves 2, slimy green scales 1, demonic guardian 1
a: Berserk, Trog's Hand, Renounce Religion


You were on level 8 of the Dungeon.
You worshipped Trog.
Trog was pleased with you.
You were hungry.

You visited 1 branch of the dungeon, and saw 8 of its levels.

You collected 93 gold pieces.

Inventory:

Hand Weapons
 a - a +0 morningstar
 b - a +2 flail of crushing (weapon)
 o - a +0 mace
Armour
 f - a +0 pair of gloves (worn)
 i - a +0 chain mail (worn)
 r - a +0 animal skin
Jewellery
 d - an uncursed amulet of the gourmand {unknown}
Wands
 q - a wand of disintegration (11)
Scrolls
 e - a scroll of enchant armour {unknown}
 j - a scroll of amnesia
 k - a scroll of fear {unknown}
 l - 2 scrolls of identify {unknown}
 n - a scroll of remove curse {unknown}
Potions
 g - a potion of heal wounds
 h - a potion of berserk rage {unknown}
 m - a potion of curing {unknown}
Comestibles
 c - 6 rations
 p - a chunk of flesh


   Skills:
 + Level 4.6 Fighting
 + Level 5.4 Maces & Flails
 + Level 2.4 Armour
 + Level 2.6 Dodging
 + Level 1.4 Stealth


You had 5 spell levels left.
You didn't know any spells.
Your spell library contained the following spells:

 Spells                   Type           Power        Failure   Level  Hunger
 Summon Small Mammal      Summ           #...         97%         1    ##.....
 Call Imp                 Summ           #.......     99%         2    ###....
 Call Canine Familiar     Summ           #.......     100%        3    ####...
 Summon Guardian Golem    Hex/Summ       #.......     100%        3    ####...
 Summon Ice Beast         Ice/Summ       #.......     100%        4    #####..
 Summon Lightning Spire   Summ/Air       #.......     100%        4    #####..


Dungeon Overview and Level Annotations

Branches:
Dungeon (8/15)
 Temple: D:4-7         Lair: D:8-11

Altars:
Ru
Zin

Annotations:
D:8 Joseph


Innate Abilities, Weirdness & Mutations

You have hoof-like feet.
You are partially covered in slimy green scales. (AC +2)
A weak demonic guardian rushes to your aid.


Message History

Found a scroll labeled DUDAGE WIROOTS.
Found an escape hatch in the ceiling.
There is a stone staircase leading up here.
Joseph sighs, "Being a guard is usually so boring..."
Joseph zaps a wand.
You resist with some effort.
Found a leather armour.
A hound zombie comes into view.
Joseph unwields a +0 quarterstaff.
Joseph wields a +0 hunting sling.
Joseph shoots a sling bullet.
The sling bullet hits you!
* * * LOW HITPOINT WARNING * * *
Found a ration.
You see here a sling bullet.
An adder comes into view.
Unknown command.
A red film seems to cover your vision as you go berserk!
You feel yourself moving faster!
You feel mighty!
You are feeling hungry.
The adder hisses angrily.
Joseph unwields a +0 hunting sling.
Joseph wields a +0 quarterstaff.
Joseph hits you with a +0 quarterstaff!
You die...

## ##.# #..# #
#####..#
...##.....#
..........##
....Z.@@(5<#
............#
....S#####...#
.%.[ ##...#
#.. #.... ##
#.... #....
....


You could see Joseph, an adder, a hound zombie and a friendly iron imp.

Vanquished Creatures
  An orc warrior (D:6)
  A centaur (D:5)
  A hound (D:5)
  2 orc priests (D:6)
  A worker ant (D:4)
  A worker ant zombie (D:5)
  An adder (D:4)
  An ooze (D:3)
  A worm (D:4)
  A leopard gecko (D:1)
  3 orcs
  2 goblins
  A hobgoblin (D:3)
  3 jackals (D:1)
  4 kobolds
  3 quokkas
  A frilled lizard (D:1)
  A leopard gecko skeleton (D:4)
  A rat (D:4)
30 creatures vanquished.

Vanquished Creatures (collateral kills)
  The ghost of melvinkitnick the Poker, an amateur DsGl of Okawaru (D:4)
  A crimson imp (D:5)
  An orc priest (D:6)
  2 orcs (D:6)
5 creatures vanquished.

Grand Total: 35 creatures vanquished

Notes
Turn   | Place    | Note
-------+----------+-------------------------------------------
     0 | D:1      | emperorscorpion the Demonspawn Berserker began the quest
                  | for the Orb.
     0 | D:1      | Reached XP level 1. HP: 18/18 MP: 1/1
   243 | D:1      | Reached skill level 3 in Maces & Flails
   243 | D:1      | Gained mutation: You are partially covered in slimy green
                  | scales. (AC +2) [demonic ancestry]
   243 | D:1      | Reached XP level 2. HP: 24/24 MP: 2/2
   423 | D:3      | Found a sacrificial altar of Ru.
   597 | D:4      | Gained mutation: A weak demonic guardian rushes to your
                  | aid. [demonic ancestry]
   597 | D:4      | Reached XP level 3. HP: 29/29 MP: 3/3
   643 | D:4      | Found a runed translucent door.
   661 | D:4      | Noticed melvinkitnick's ghost (amateur DsGl)
   673 | D:4      | Killed melvinkitnick's ghost
   673 | D:4      | Reached skill level 4 in Maces & Flails
   673 | D:4      | Reached skill level 1 in Stealth
   673 | D:4      | Gained mutation: You have large cloven feet. [demonic
                  | ancestry]
   673 | D:4      | Reached XP level 4. HP: 37/37 MP: 4/4
   673 | D:4      | Reached XP level 5. HP: 42/42 MP: 5/5
   714 | D:4      | Reached ** piety under Trog
   743 | D:5      | Entered Level 5 of the Dungeon
   746 | D:5      | Noticed a centaur
   756 | D:5      | Killed a centaur
   760 | D:5      | Gained mutation: You have hoof-like feet. [demonic
                  | ancestry]
   760 | D:5      | Reached XP level 6. HP: 14/49 MP: 6/6
   829 | D:6      | Noticed an orc warrior
   843 | D:6      | Killed an orc warrior
   843 | D:6      | Reached skill level 5 in Maces & Flails
   874 | D:6      | Found a glowing silver altar of Zin.
   897 | D:8      | Noticed Joseph
   901 | D:8      | Slain by Joseph

Levels and vault maps discovered:
D:1:      dpeg_arrival_tiny_k, layout_loops_cross
D:2:      layout_basic, overflow_temple_1_default, lemuel_doored_altar,
          first_ration
D:3:      layout_loops_ring, nicolae_ru_sacrificial_ziggurat,
          gammafunk_temple_overflow_pools, grunt_ministairs_8
D:4:      layout_cave_pools, minmay_temple_entry_ruins,
          ebering_ghost_reflecting_pool, uniq_robin
D:5:      layout_rooms, lemuel_round_altar, kennysheep_little_box,
          minmay_manual_mandibuliform, uniq_eustachio, uniq_prince_ribbit1
D:6:      layout_layer_cave, kennysheep_mini, lemuel_crystal_altar,
          nicolae_overflow_crystal_walls, lemuel_crystal_altar, serial_shops,
          nicolae_shop_stone, uniq_pikel
D:7:      layout_basic, marbit_many_paths, biasface_ghost_orc_armoury
D:8:      layout_layer_cave, grunt_pizzeria, bloody_trog, uniq_maurice,
          uniq_joseph, uniq_erica

Skill      XL: |  1  2  3  4  5  6 |
---------------+-------------------+-----
Maces & Flails | 3 4 5 |  5.4
Fighting       | 4 |  4.6
Armour         | 2 |  2.4
Dodging        | 2 |  2.6
Stealth        | 1 |  1.4

Action                   |  1- 3 |  4- 6 || total
-------------------------+-------+-------++-------
Melee: Mace              |    59 |       ||    59
       Morningstar       |    13 |    28 ||    41
       Kick              |       |     7 ||     7
       Flail             |       |     6 ||     6
Invok: Berserk           |     3 |     3 ||     6
  Use: Scroll            |     2 |       ||     2
       Potion            |     2 |     1 ||     3
 Stab: Sleeping          |     1 |       ||     1
       Distracted        |       |     1 ||     1
  Eat: Chunk             |     1 |     4 ||     5
Armor: Animal skin       |     8 |       ||     8
       Skin              |    11 |       ||    11
       Chain mail        |    14 |    21 ||    35
Dodge: Dodged            |    43 |    13 ||    56

Table legend:
 A = Non-vault XP
 B = Vault XP
 C = Vault XP percentage of total XP
 D = Non-vault monster count
 E = Vault monster count
 F = Vault count percentage of total count
                 A         B        C        D         E       F
            +---------+---------+-------+---------+---------+-------
      Total |     508 |     191 |  27.3 |      33 |       2 |   5.7
            +---------+---------+-------+---------+---------+-------
        D:1 |      16 |       0 |   0.0 |       9 |       0 |   0.0
        D:2 |       2 |       0 |   0.0 |       1 |       0 |   0.0
        D:3 |      15 |       0 |   0.0 |       5 |       0 |   0.0
        D:4 |      54 |     189 |  77.8 |       5 |       1 |  16.7
        D:5 |     177 |       2 |   1.1 |       4 |       1 |  20.0
        D:6 |     244 |       0 |   0.0 |       9 |       0 |   0.0
            +---------+---------+-------+---------+---------+-------
